 Dungeon Sprint DCSS version 0.21-a0-272-g984ae92 (webtiles) character file.

25 terra52 the Ruffian (level 3, -3/19 HPs)
             Began as a Vine Stalker Gladiator on Sept 15, 2017.
             Slain by an ogre
             ... wielding a cursed -2 giant spiked club
              (22 damage)
             ... in the Dungeon (Sprint I: "Red Sonja").
             The game lasted 00:00:24 (157 turns).

terra52 the Ruffian (Vine Stalker Gladiator)         Turns: 157, Time: 00:00:25

Health: -3/19      AC:  4    Str: 17    XL:     3   Next: 4%
Magic:  0/4        EV: 13    Int:  8    God:
Gold:   0          SH:  0    Dex: 15    Spells: 2/2 levels left

rFire    . . .     SeeInvis .     - Unarmed
rCold    . . .     Gourm    .   (no shield)
rNeg     . . .     Faith    .   a - +0 leather armour
rPois    .         Spirit   +   b - +0 helmet
rElec    .         Reflect  .   (no cloak)
rCorr    .         Harm     .   (no gloves)
MR       .....     NoTele   +   (no boots)
Stlth    ++........             (no amulet)
HPRegen  0.06/turn              (no ring)
MPRegen  0.09/turn              (no ring)

@: no status effects
A: fangs 2, magic shield, antimagic bite, no potion heal 3, rot immunity
a: no special abilities


You were in the Dungeon.
You were not hungry.

You visited 1 branch

Inventory:

Armour
 a - a +0 leather armour (worn)
 b - a +0 helmet (worn)
Wands
 c - a wand of random effects (26/48)
Scrolls
 j - a scroll of blinking
Potions
 e - a potion of curing
 f - a potion of heal wounds
 g - a potion of haste
 h - 2 potions of magic
 i - a potion of berserk rage
Comestibles
 d - a bread ration


   Skills:
 * Level 2.5 Fighting
 - Level 2.2 Throwing
 + Level 0.1 Armour
 + Level 3.5 Dodging
 + Level 1.6 Stealth
 * Level 4.6 Unarmed Combat


You had 2 spell levels left.
You didn't know any spells.

Dungeon Overview and Level Annotations

Branches:
Dungeon (1/1)

Altars:


Innate Abilities, Weirdness & Mutations

You have extremely sharp teeth.
When hurt, damage is shared between your health and your magic reserves.
Your bite disrupts and absorbs the magic of your enemies.
Potions cannot restore your health.
You are immune to rotting.


Message History

Your Unarmed Combat skill increases to level 4!
You have reached level 2!
You have reached level 3!
Your experience leads to an increase in your attributes!
Increase (S)trength, (I)ntelligence, or (D)exterity?
You feel stronger.
c - a wand of random effects (?/48)
Things that are here:
a dagger; a chain mail You start resting.
Magic restored.
You start resting.
HP restored.
As you open the door, it creaks loudly!
An ogre comes into view. It is wielding a giant spiked club.
You hit the ogre. Your bite misses the ogre.
The ogre is moderately wounded.
The ogre hits you with a giant spiked club!!
Ouch! That really hurt!
You die...

##########
#<.#.@O..#
#..').#..+
#..#### +#
#..# #..#
#..# #⌠⌠#
####


You could see an ogre.

Vanquished Creatures
  Ijyb (D)
1 creature vanquished.

Notes
Turn   | Place    | Note
-------+----------+-------------------------------------------
     0 | D        | terra52 the Vine Stalker Gladiator began the quest for the Orb.
     0 | D        | Reached XP level 1. HP: 11/11 MP: 2/2
     1 | D        | Noticed Ijyb
    47 | D        | Killed Ijyb
    47 | D        | Reached skill level 1 in Stealth
    47 | D        | Reached skill level 4 in Unarmed Combat
    47 | D        | Reached XP level 2. HP: 10/16 MP: 0/3
    47 | D        | Reached XP level 3. HP: 12/19 MP: 0/4
   155 | D        | Noticed an ogre
   157 | D        | Slain by an ogre

Vault maps used:
D:        dungeon_sprint_1

Skill      XL: |  1 |
---------------+----+-----
Fighting       | 2 |  2.5
Throwing       | 2 |  2.2
Dodging        | 3 |  3.5
Stealth        | 1 |  1.6
Unarmed Combat | 4 |  4.6
Armour         | |  0.1

Action                   || total
-------------------------++-------
Melee: Unarmed           ||    43
       Bite              ||    20
Throw: Throwing net      ||     3
 Stab: Held in net/web   ||     3
Armor: Leather armour    ||     4
Dodge: Dodged            ||    14

Table legend:
 A = Spawn XP
 B = Non-spawn XP
 C = Spawn XP percentage of total XP
 D = Spawn monster count
 E = Non-spawn monster count
 F = Spawn count percentage of total count
 G = Total turns spent on level
                    A         B        C        D         E        F      G
               +---------+---------+-------+---------+---------+-------+---------
         Total |       0 |      36 |   0.0 |       0 |       1 |   0.0 |   157
               +---------+---------+-------+---------+---------+-------+---------
             D |       0 |      36 |   0.0 |       0 |       1 |   0.0 |   157
               +---------+---------+-------+---------+---------+-------+---------
